 Dungeon Sprint DCSS version 0.18.1-50-g88ac8fd (webtiles) character file.

14884 varam the Severer (level 11, 80/119 HPs)
             Began as a Minotaur Berserker on Oct 10, 2016.
             Was the Champion of Trog.
             Quit the game in the Dungeon (Sprint V: "Ziggurat Sprint").
             The game lasted 00:13:44 (1004 turns).

varam the Severer (Minotaur Berserker)              Turns: 1004, Time: 00:13:45

Health: 80/119     AC: 31    Str: 27    XL:     11   Next: 94%
Magic:  10/10      EV:  3    Int:  4    God:    Trog [******]
Gold:   0          SH: 32    Dex: 11    Spells: 0 memorised, 10 levels left

rFire  . . .     SeeInvis .     N - +4 broad axe (chop)
rCold  + . .     Gourm    .     j - +5 crystal plate armour
rNeg   + + .     Faith    .     L - +18 shield of the gong {rElec rN+ MR+ EV-5}
rPois  +         Spirit   .     (helmet restricted)
rElec  +         Dismiss  .     (no cloak)
rCorr  +         Reflect  .     (no gloves)
SustAt .         Harm     .     O - +2 pair of boots "Keirob" {rPois Str+3}
MR     +....     NoTele   +     V - macabre finger necklace {rN+}
Stlth  ..........               R - ring "Uxteeneenn" {Ice rElec rPois}
                                X - ring of Coarom {rCorr rF+}
                                (no ring)

@: exhausted, slowed, very slow, somewhat resistant to hostile enchantments,
extremely unstealthy
A: retaliatory headbutt, horns 2
a: Berserk, Trog's Hand, Brothers in Arms, Burn Spellbooks, Renounce Religion


You were in the Dungeon.
You worshipped Trog.
Trog was exalted by your worship.
You were not hungry.

You visited 1 branch

Inventory:

Hand Weapons
 J - the +9 heavy crossbow "Sniper" {velocity, nevermiss, SInv}
   (You found it in the Dungeon)

   Any bolt fired from it inflicts extra damage.
   It lets you see invisible.
 K - the +14 obsidian axe {chop, +Fly Str+3 SInv *Curse}
   (You found it in the Dungeon)

   It inflicts extra damage upon your enemies.
   It affects your strength (+3).
   It lets you see invisible.
   It lets you fly.
   It may re-curse itself when equipped.
 M - a +5 broad axe
 N - a +4 broad axe of chopping (weapon)
 Q - the +9 war axe "Osekoka" {drain, *Noise rC+++ Int+8 Dex-3}
   (Trog gifted it to you in the Dungeon)

   A truly terrible weapon, it drains the life of those it strikes.
   It affects your intelligence (+8).
   It affects your dexterity (-3).
   It renders you almost immune to cold.
   It may make noises in combat.
Armour
 j - a +5 crystal plate armour (worn)
 L - the +18 shield of the gong (worn) {rElec rN+ MR+ EV-5}
   (You found it in the Dungeon)

   It affects your evasion (-5).
   It insulates you from electricity.
   It protects you from negative energy.
   It affects your resistance to hostile enchantments.
 O - the +2 pair of boots "Keirob" (worn) {rPois Str+3}
   (You found it in the Dungeon)

   It affects your strength (+3).
   It protects you from poison.
Jewellery
 R - the ring "Uxteeneenn" (right hand) {Ice rElec rPois}
   (You found it in the Dungeon)

   [ring of ice]

   It enhances your ice magic, and weakens your fire magic.
   It makes you vulnerable to fire.
   It protects you from cold.
   It insulates you from electricity.
   It protects you from poison.
 T - the ring of Xuusmuic {rPois MP+9}
   (You found it in the Dungeon)

   [ring of magical power]

   It protects you from poison.
   It affects your magic capacity (+9).
 V - the macabre finger necklace (around neck) {rN+}
   (You found it in the Dungeon)

   [amulet of nothing]

   It protects you from negative energy.
 X - the ring of Coarom (left hand) {rCorr rF+}
   (You found it in the Dungeon)

   [ring of resist corrosion]

   It protects you from fire.
Wands
 l - a wand of disintegration (7/24)
 m - a wand of iceblast (5/15)
 n - a wand of lightning (5/15)
 o - a wand of acid (5/15)
Scrolls
 i - 4 scrolls of blinking
 x - 3 scrolls of recharging
 y - 7 scrolls of fog
 z - a scroll of holy word
 A - 5 scrolls of identify
 B - 3 scrolls of remove curse
 C - 2 scrolls of fear
 U - 4 scrolls of enchant armour
 Y - a scroll of brand weapon
Potions
 d - 9 potions of curing
 e - 10 potions of heal wounds
 f - 5 potions of haste
 g - 7 potions of magic
 h - 3 potions of berserk rage
 D - 2 potions of brilliance
 E - 2 potions of invisibility
 F - 4 potions of resistance
 G - a potion of experience
 H - 5 potions of agility
 I - 5 potions of might
Books
 a - a book of Burglary

   Spells                             Type                      Level
   a - Swiftness                      Charms/Air                   2
   b - Passwall                       Transmutation/Earth          2
   c - Passage of Golubria            Translocation                4
   d - Lee's Rapid Deconstruction     Earth                        5
   e - Darkness                       Hexes                        6
   f - Invisibility                   Hexes                        6
   Trog disapproves of the use of such an item.
Miscellaneous
 k - a plain deck of defence {drawn: 1}
Comestibles
 c - 4 bread rations
 v - 42 fruits
 w - 4 meat rations
 P - 10 chunks of flesh


   Skills:
 + Level 18.0 Fighting
 + Level 20.7 Axes
 + Level 13.4 Armour
 + Level 7.4 Dodging
 + Level 1.2 Stealth
 + Level 14.7 Shields
 + Level 1.0 Evocations


You had 10 spell levels left.
You didn't know any spells.

Dungeon Overview and Level Annotations

Branches:
Dungeon (1/1)

Altars:
Ashenzari
Cheibriados
Dithmenos
Elyvilon
Fedhas
Gozag
Kikubaaqudgha
Makhleb
Nemelex Xobeh
Okawaru
Pakellas
Qazlal
Ru
Sif Muna
Trog
Vehumet
Xom
Yredelemnul
Zin
The Shining One
Beogh
Jiyva
Lugonu


Innate Abilities, Weirdness & Mutations

You reflexively headbutt those who attack you in melee.
You have a pair of horns on your head.


Message History

Your iron troll rages.
You see here the +5 lajatang of the Tiger {slice, MR++}.
Your iron troll is engulfed in roaring flames.
You see here a lamp of fire.
You see here a +3 arbalest of evasion.
You see here a sack of spiders.
You can't carry that many items.
Drop what? 52/52 slots (_ for help) (? for menu, Esc to quit)
You drop a +0 animal skin.
You drop a +6 ring of dexterity.
Your iron troll is no longer berserk.
You drop a +6 ring of dexterity.
You drop a +6 ring of intelligence.
Your iron troll disappears in a puff of smoke!
You drop a +6 ring of intelligence.
You drop a +6 ring of strength. x2
You drop an uncursed ring of ice. x2
You drop an uncursed ring of fire.
Unknown command.
Are you sure you want to abandon this character and quit the game? (Confirm with "yes".)

▓..)......▓.......▓
▓....).)..▓.)..)..▓
▓.........▓..)....▓
▓.▓.†)..▓.▓.▓)))▓.▓
▓....)....▓.......▓
▓▓▓▓▓▓▓▓▓▓▓▓▓▓▓▓▓▓▓▓▓
▓...8©8...▓...8©8...▓
▓..).})...▓...).[[..▓
▓..).[[}@.▓...}3.[..▓
▓....)))..▓....43...▓
▓...)())..▓.........▓
▓....((|..▓.........▓
▓....((...▓.........▓
▓....(....▓.▓.....▓.▓
▓.▓..(..▓.▓....)....▓
▓....(....▓▓▓▓▓▓▓▓▓▓▓
▓▓▓▓▓▓▓▓▓▓▓


There were no monsters in sight!

Vanquished Creatures
  A deep elf master archer (D)
  A stone giant (D)
  2 dancing weapons (D)
  A deep elf knight (D)
  A hill giant (D)
  2 deep elf magi (D)
  A cyclops (D)
  An efreet (D)
  A yaktaur (D)
  2 jumping spiders (D)
  A troll (D)
  5 merfolk (D)
  A wind drake (D)
  3 air elementals (D)
  A tarantella (D)
  3 golden eyes (D)
  An insubstantial wisp (D)
  A naga (D)
  A hell hound (D)
  2 water moccasins (D)
  A porcupine (D)
  2 giant eyeballs (D)
  2 ogres (D)
  A centaur (D)
  An earth elemental (D)
  A jelly (D)
  A sheep (D)
  2 adders (D)
  2 oozes (D)
  A ball python (D)
46 creatures vanquished.

Vanquished Creatures (collateral kills)
  A stone giant (D)
  2 merfolk javelineers (D)
  A centaur warrior (D)
  A hell hog (D)
  A hill giant (D)
  3 efreet (D)
  A wind drake (D)
  An air elemental (D)
  2 insubstantial wisps (D)
  A hell hound (D)
  A naga (D)
  2 centaurs (D)
  A fire vortex (D)
18 creatures vanquished.

Grand Total: 64 creatures vanquished

Notes
Turn   | Place    | Note
--------------------------------------------------------------
     0 | D        | varam the Minotaur Berserker began the quest for the Orb.
     0 | D        | Reached XP level 1. HP: 19/19 MP: 0/0
    13 | D        | Found an iron altar of Okawaru.
    13 | D        | Found a radiant altar of Vehumet.
    13 | D        | Found a shimmering altar of Xom.
    13 | D        | Found a burning altar of Makhleb.
    13 | D        | Found a deep blue altar of Sif Muna.
    16 | D        | Found a bloodstained altar of Trog.
    17 | D        | Found a white marble altar of Elyvilon.
    17 | D        | Found a corrupted altar of Lugonu.
    17 | D        | Found a sparkling altar of Nemelex Xobeh.
    17 | D        | Found a roughly hewn altar of Beogh.
    17 | D        | Found a viscous altar of Jiyva.
    96 | D        | Entered arena 1.
    96 | D        | Noticed a sheep
    96 | D        | Noticed a porcupine
    99 | D        | Killed a sheep
    99 | D        | Reached skill level 5 in Fighting
    99 | D        | Reached skill level 5 in Axes
    99 | D        | Reached XP level 2. HP: 24/29 MP: 1/1
   100 | D        | Killed a porcupine
   100 | D        | Reached skill level 8 in Axes
   100 | D        | Reached XP level 3. HP: 31/40 MP: 2/2
   100 | D        | Reached XP level 4. HP: 37/48 MP: 3/3
   236 | D        | Entered arena 2.
   236 | D        | Noticed a tarantella
   236 | D        | Noticed a jumping spider
   236 | D        | Noticed a jumping spider
   240 | D        | Killed a tarantella
   240 | D        | Reached ** piety under Trog
   240 | D        | Reached skill level 10 in Axes
   240 | D        | Reached skill level 5 in Armour
   240 | D        | Reached XP level 5. HP: 58/58 MP: 4/4
   240 | D        | Reached XP level 6. HP: 66/66 MP: 5/5
   243 | D        | Killed a jumping spider
   243 | D        | Reached skill level 11 in Axes
   243 | D        | Reached skill level 5 in Dodging
   247 | D        | Killed a jumping spider
   247 | D        | Reached skill level 12 in Axes
   247 | D        | Reached XP level 7. HP: 77/77 MP: 6/6
   270 | D        | Entered arena 3.
   270 | D        | Noticed a golden eye
   270 | D        | Noticed a golden eye
   273 | D        | Killed a golden eye
   273 | D        | Reached *** piety under Trog
   274 | D        | Reached skill level 13 in Axes
   286 | D        | Killed a golden eye
   286 | D        | Reached **** piety under Trog
   286 | D        | Reached XP level 8. HP: 85/85 MP: 7/7
   301 | D        | Entered arena 4.
   315 | D        | Reached ***** piety under Trog
   315 | D        | Received a gift from Trog
   322 | D        | Entered arena 5.
   322 | D        | Noticed a merfolk
   322 | D        | Noticed a merfolk
   322 | D        | Noticed a merfolk
   322 | D        | Noticed a merfolk
   322 | D        | Noticed a merfolk
   327 | D        | Killed a merfolk
   327 | D        | Reached skill level 14 in Axes
   327 | D        | Reached skill level 1 in Shields
   329 | D        | Killed a merfolk
   330 | D        | Killed a merfolk
   330 | D        | Reached skill level 15 in Axes
   330 | D        | Reached XP level 9. HP: 95/95 MP: 8/8
   331 | D        | Killed a merfolk
   331 | D        | Received a gift from Trog
   333 | D        | Killed a merfolk
   333 | D        | Reached skill level 10 in Armour
   354 | D        | Entered arena 6.
   354 | D        | Noticed a troll
   354 | D        | Noticed a hill giant
   354 | D        | Noticed a cyclops
   354 | D        | Noticed a hill giant
   367 | D        | Killed a hill giant
   367 | D        | Reached skill level 16 in Axes
   368 | D        | Killed a troll
   368 | D        | Reached skill level 5 in Shields
   368 | D        | Killed a hill giant
   368 | D        | Reached skill level 15 in Fighting
   375 | D        | Killed a cyclops
   375 | D        | Received a gift from Trog
   569 | D        | Entered arena 7.
   569 | D        | Noticed a deep elf mage
   569 | D        | Noticed a mace of protection
   569 | D        | Noticed a mace of holy wrath
   569 | D        | Noticed a deep elf mage
   569 | D        | Noticed a deep elf knight
   570 | D        | Noticed a jumping spider
   575 | D        | Killed a mace of holy wrath
   575 | D        | Reached skill level 17 in Axes
   575 | D        | Reached XP level 10. HP: 107/107 MP: 9/9
   579 | D        | Killed a mace of protection
   583 | D        | Killed a deep elf knight
   587 | D        | Killed a deep elf mage
   587 | D        | Reached skill level 18 in Axes
   590 | D        | Killed a deep elf mage
   590 | D        | Received a gift from Trog
   634 | D        | Got the +2 pair of boots "Keirob" {rPois Str+3}
   679 | D        | Entered arena 8.
   688 | D        | Received a gift from Trog
   688 | D        | Reached skill level 10 in Shields
   689 | D        | Reached ****** piety under Trog
   696 | D        | Got a translucent war axe {god gift}
   698 | D        | Identified the +9 war axe "Osekoka" {drain, *Noise rC+++ Int+8 Dex-3} (Trog gifted it to you in the Dungeon)
   706 | D        | Got the ring "Uxteeneenn" {Ice rElec rPois}
   712 | D        | Got the ring of Xuusmuic {rPois MP+9}
   713 | D        | Entered arena 9.
   713 | D        | Noticed a hell hog
   719 | D        | Killed a hell hog
   722 | D        | Received a gift from Trog
   722 | D        | Reached XP level 11. HP: 83/116 MP: 10/10
   909 | D        | Entered arena 10.
   912 | D        | Reached skill level 19 in Axes
   915 | D        | Reached skill level 1 in Evocations
   922 | D        | Received a gift from Trog
   938 | D        | Got the ring of Coarom {rCorr rF+}
   960 | D        | Entered arena 11.
   960 | D        | Noticed a stone giant
   960 | D        | Noticed a stone giant
   960 | D        | Noticed a merfolk javelineer
   960 | D        | Noticed a merfolk javelineer
   960 | D        | Noticed a deep elf master archer
   963 | D        | Noticed a centaur warrior
   964 | D        | Identified the +7 dagger of Wunippo {flame, rC- rN+ Dex+4}
   966 | D        | Killed a stone giant
   972 | D        | Killed a deep elf master archer
   972 | D        | Reached skill level 20 in Axes
   972 | D        | Killed a merfolk javelineer
   977 | D        | Killed a stone giant
   977 | D        | Reached skill level 1 in Stealth
   978 | D        | Killed a centaur warrior
   981 | D        | Killed a merfolk javelineer
   981 | D        | Received a gift from Trog
  1004 | D        | Quit the game

Skill      XL: |  1  2  3  4  5  6  7  8  9 10 11 |
---------------+----------------------------------+-----
Fighting       | 5 7 9 12 14 15 16 18 | 18.0
Axes           | 5 8 10 12 13 15 17 18 20 | 20.7
Armour         | 3 4 5 7 8 9 11 12 13 | 13.4
Dodging        | 3 4 5 6 7 |  7.4
Shields        | 2 7 10 14 | 14.7
Evocations     | 1 |  1.0
Stealth        | 1 |  1.2

Action                   |  1- 3 |  4- 6 |  7- 9 | 10-12 || total
-------------------------+-------+-------+-------+-------++-------
Melee: Broad axe         |     3 |     5 |    29 |    44 ||    81
       Headbutt          |       |     1 |     3 |     9 ||    13
       War axe           |       |       |       |     6 ||     6
Invok: Berserk           |     1 |     1 |     3 |     2 ||     7
       Trog's Hand       |       |       |     3 |     3 ||     6
       Burn Spellbooks   |       |       |     3 |     3 ||     6
       Brothers in Arms  |       |       |     3 |     4 ||     7
Evoke: Deck              |       |       |     1 |       ||     1
  Use: Potion            |       |     1 |     1 |       ||     2
       Scroll            |       |       |       |     2 ||     2
 Stab: Distracted        |       |       |       |     1 ||     1
  Eat: Chunk             |       |       |     4 |     1 ||     5
       Bread ration      |       |       |       |     1 ||     1
Armor: Crystal plate arm |       |     2 |    15 |    21 ||    38
Dodge: Dodged            |       |       |       |     1 ||     1
Block: Shield            |     4 |     4 |    39 |    79 ||   126
